Match 33284054
Unlisted

Match 33284054
End
Kradschützen Motorcycle Team
Panzergrenadier Squad
Selects Armored Support Battlegroup
Panzergrenadier Squad
Construct Light Support Kompanie
Assault Grenadier Squad
Selects Veteran Gunners
Fire Support Elements
Veteran Squad Leaders
2.5-tonne Medical Truck
Selects Salvage Kits
Vehicle Survival Package
Construct Panzerarmee Kommand
Panzer III L Medium Tank
Selects Panzer Storm
Rapid Advance
Armored Reserves
Emergency Repair Kits
Wolf 0815
Büffel
一杆大长枪
TBlackbeart
Dahlian
Random_Target
Tango
Turtleboy
0
0

Comments sign in to comment!

No comments posted yet!